 Dungeon Sprint DCSS version 0.31.0-9-g3a7656b989 (webtiles) character file.

Game seed: 2091993375381613052

16797 Heoruswealwe the Phalangite (level 12, -15/129 HPs)
             Began as a Minotaur Fighter on Feb 1, 2024.
             Was an Initiate of Gozag.
             Demolished by a vampire knight
             ... wielding a +3 great sword
              (34 damage)
             ... in the Dungeon (Sprint IX: "|||||||||||||||||||||||||||||").
             The game lasted 00:20:22 (2361 turns).

Heoruswealwe the Phalangite (Minotaur Fighter)      Turns: 2361, Time: 00:20:22

Health: -15/129    AC: 28    Str: 27    XL:     12   Next: 13%
Magic:  11/11      EV: 10    Int:  5    God:    Gozag
Gold:   251        SH:  0    Dex:  9    Spells: 11/11 levels left

rFire   . . .        b - +2 halberd (protect)
rCold   . . .        (shield currently unavailable)
rNeg    . . .        c - +2 plate armour
rPois   .            (helmet restricted)
rElec   .            h - +1 cloak
rCorr   +            f - +0 pair of gloves
SInv    .            e - +1 pair of boots {rampage}
Will    .....        (no amulet) Stlth
                     k - +2 ring of evasion
HPRegen 0.41/turn    j - ring of resist corrosion
MPRegen 0.12/turn

%: no teleportation, rampage
@: no status effects
A: horns 2, retaliatory headbutt
a: Renounce Religion, Potion Petition, Call Merchant, Bribe Branch


You were in the Dungeon.
You worshipped Gozag.
Gozag was aware of your devotion.
You visited 1 branch You collected 7300 gold pieces.
You spent 4818 gold pieces at shops.
You paid 2231 gold pieces to Gozag.

Inventory:

Hand Weapons
 a - a +1 trident of venom
 b - a +2 halberd of protection (weapon)
 A - the +7 lajatang of Order {silver, rMut}
   (You found it in the Dungeon)

   rMut:      It protects you from mutation.
 B - the +7 mace of Variability {chaos, chaos arc}
   (You bought it in a shop in the Dungeon)
 C - the +3 greatsling "Punk" {acid, rCorr}
   (You bought it in a shop in the Dungeon)

   rCorr:     It protects you from acid and corrosion.
 D - the +9 sword of Zonguldrok {reap}
   (You bought it in a shop in the Dungeon)
 E - the +27 heavy crossbow "Sniper" {heavy, Acc+∞ SInv}
   (You bought it in a shop in the Dungeon)

   Acc+∞: It never misses its target.
   SInv:      It lets you see invisible.
Armour
 c - a +2 plate armour (worn)
 d - a +0 buckler
 e - a +1 pair of boots of rampaging (worn)
 f - a +0 pair of gloves (worn)
 h - a +1 cloak (worn)
Jewellery
 j - a ring of resist corrosion (right hand)
 k - a +2 ring of evasion (left hand)
Wands
 q - a wand of quicksilver (10)
Scrolls
 o - 8 scrolls of enchant armour
 p - 3 scrolls of identify
 s - a scroll of enchant weapon
Potions
 g - a potion of haste
 i - 2 potions of berserk rage
 m - 2 potions of might
Miscellaneous
 n - a lightning rod (4/4)


   Skills:
 + Level 18.8 Fighting
 * Level 25.3 Polearms
 + Level 18.9 Armour
 - Level 3.6 Shields


You had 11 spell levels left.
You didn't know any spells.
Your spell library was empty.

Dungeon Overview and Level Annotations

Branches:
Dungeon (1/1)

Altars:
Cheibriados
Dithmenos
Elyvilon
Fedhas
Gozag
Hepliaklqana
Kikubaaqudgha
Makhleb
Nemelex Xobeh
Okawaru
Qazlal
Ru
Sif Muna
Trog
Uskayaw
Vehumet
Wu Jian
Xom
Yredelemnul
Zin
The Shining One
Jiyva
Lugonu

Shops:
D ((*[(:(


Innate Abilities, Weirdness & Mutations

You have a pair of horns on your head.
You reflexively headbutt those who attack you in melee.


Message History

* * * LOW HITPOINT WARNING * * *
Something bites you but does no damage.
A spriggan berserker comes into view. It is wielding a +0 flail.
Okay, then.
Blink to where?
Press: ? - help, Dir - move target
As you read the scroll of blinking, it crumbles to dust.
Blink to where?
Press: ? - help, Dir - move target
As you read the scroll of blinking, it crumbles to dust.
Blink to where?
Press: ? - help, Dir - move target
As you read the scroll of blinking, it crumbles to dust.
You see here a +3 broad axe.
You see here a +0 trident.
You see here a +3 sling of draining.
You see here a +1 glaive.
You see here a +1 double sword of pain.
You see here a +0 mace.
You see here a ring of see invisible.
You see here a ring of ice.
You see here a ring of flight.
You see here a ring of protection from cold.
There is an open door here.
You close the door.
You start resting.
A vampire knight is nearby!
The vampire knight mumbles some strange words.
The vampire knight flickers and vanishes!
You puncture something!
Your weapon exudes an aura of protection.
Something hits you but does no damage. Something bites you.
* * * LOW HITPOINT WARNING * * *
Something draws strength from your injuries!
Something hits you but does no damage. Something completely misses you.
You hear some strange, mumbled words.
Something unexpectedly blocks you, preventing you from rampaging!
You barely miss something. Something hits you!!
You die...
Your body crumbles into a pile of gold.

▓▓▓▓▓▓▓▓▓▓▓▓▓▓▓▓▓▓▓▓
)))).====+........T▓
▓▓▓▓▓▓▓▓▓▓▓▓▓▓▓▓▓▓.▓
......).........@.T▓
▓▓▓▓▓▓▓▓▓▓▓▓▓▓▓▓▓▓▓▓
....)'.............▓
▓▓▓▓▓▓▓▓▓▓▓▓▓▓▓▓▓▓.▓
...................▓
▓▓▓▓▓▓▓▓▓▓▓▓▓▓▓▓▓▓▓▓
.?......!..'.......▓
▓▓▓▓▓▓▓▓▓▓▓▓▓▓▓▓▓▓.▓
...................▓


You could see a deep troll shaman.

Vanquished Creatures
  A hydra (D)
  Erolcha (D)
  A centaur warrior (D)
  An ogre mage (D)
  2 two-headed ogres (D)
  A deep troll earth mage (D)
  4 orc high priests (D)
  A skyshark (D)
  3 orc knights (D)
  A deep elf pyromancer (D)
  A cyclops (D)
  4 orc sorcerers (D)
  3 cane toads (D)
  An unseen horror (D)
  A tengu conjurer (D)
  A troll (D)
  3 polar bears (D)
  A hornet (D)
  A blink frog (D)
  A tarantella (shapeshifter) (D)
  A yak (D)
  A wraith (D)
  3 wyverns (D)
  2 basilisks (D)
  A vampire mosquito (D)
  6 water moccasins (D)
  9 orc warriors (D)
  6 black bears (D)
  A wolf (D)
  A bullfrog (D)
  A hound (D)
  2 orc priests (D)
  A jelly (D)
  8 orc wizards (D)
  2 adders (D)
  10 orcs (D)
  A giant cockroach (D)
  A hobgoblin (D)
  A frilled lizard (D)
  2 rats (D)
93 creatures vanquished.

Notes
Turn   | Place    | Note
-------+----------+-------------------------------------------
     0 | D        | Heoruswealwe the Minotaur Fighter began the quest for the
                  | Orb.
     0 | D        | Reached XP level 1. HP: 19/19 MP: 0/0
     8 | D        | Reached skill level 3 in Polearms
    18 | D        | Noticed a jelly
    18 | D        | Noticed a hound
    31 | D        | Killed a hound
    32 | D        | Reached skill level 5 in Fighting
    32 | D        | Reached skill level 5 in Polearms
    32 | D        | Reached skill level 5 in Armour
    32 | D        | Reached XP level 2. HP: 24/29 MP: 1/1
    32 | D        | Reached XP level 3. HP: 30/36 MP: 2/2
    36 | D        | Reached skill level 6 in Polearms
    40 | D        | Reached skill level 7 in Polearms
    40 | D        | Reached XP level 4. HP: 39/44 MP: 3/3
    47 | D        | Found a snail-covered altar of Cheibriados.
    47 | D        | Found a shadowy altar of Dithmenos.
    47 | D        | Found a white marble altar of Elyvilon.
    47 | D        | Found a blossoming altar of Fedhas.
    47 | D        | Found an opulent altar of Gozag.
    48 | D        | Found a hazy altar of Hepliaklqana.
    49 | D        | Found a viscous altar of Jiyva.
    50 | D        | Found an ancient bone altar of Kikubaaqudgha.
    51 | D        | Found a corrupted altar of Lugonu.
    52 | D        | Found a burning altar of Makhleb.
    53 | D        | Found a sparkling altar of Nemelex Xobeh.
    54 | D        | Found an iron altar of Okawaru.
    55 | D        | Became a worshipper of Gozag Ym Sagoz the Greedy
    56 | D        | Found a stormy altar of Qazlal.
    57 | D        | Found a sacrificial altar of Ru.
    58 | D        | Found a shimmering blue altar of Sif Muna.
    59 | D        | Found a bloodstained altar of Trog.
    60 | D        | Found a hide-covered altar of Uskayaw.
    61 | D        | Found a radiant altar of Vehumet.
    62 | D        | Found an ornate altar of the Wu Jian Council.
    63 | D        | Found a shimmering altar of Xom.
    64 | D        | Found a basalt altar of Yredelemnul.
    65 | D        | Found a glowing silver altar of Zin.
    66 | D        | Found a glowing golden altar of the Shining One.
    74 | D        | Found the +7 lajatang of Order {silver, rMut}
   128 | D        | Noticed a hornet
   128 | D        | Noticed a wyvern
   128 | D        | Noticed a troll
   128 | D        | Noticed a two-headed ogre
   136 | D        | Killed a two-headed ogre
   137 | D        | Reached skill level 10 in Fighting
   137 | D        | Reached skill level 13 in Polearms
   137 | D        | Reached skill level 10 in Armour
   137 | D        | Reached XP level 5. HP: 41/58 MP: 4/4
   137 | D        | Reached XP level 6. HP: 46/66 MP: 5/5
   137 | D        | Reached XP level 7. HP: 50/72 MP: 6/6
   144 | D        | Killed an unseen horror
   145 | D        | Reached skill level 14 in Polearms
   150 | D        | Killed a troll
   151 | D        | Reached skill level 15 in Polearms
   151 | D        | Reached XP level 8. HP: 42/82 MP: 7/7
   156 | D        | Killed a hornet
   162 | D        | Reached skill level 16 in Polearms
   320 | D        | Noticed a two-headed ogre
   320 | D        | Noticed a tengu conjurer
   320 | D        | Noticed a queen bee
   320 | D        | Noticed a centaur warrior
   331 | D        | a queen bee changed into a golden eye
   333 | D        | Killed a centaur warrior
   334 | D        | Reached skill level 17 in Polearms
   334 | D        | Reached XP level 9. HP: 67/92 MP: 8/8
   345 | D        | Killed a tengu conjurer
   364 | D        | Killed a two-headed ogre
   365 | D        | Reached skill level 18 in Polearms
   642 | D        | Noticed a cane toad
   645 | D        | Noticed a skyshark
   657 | D        | Reached skill level 19 in Polearms
   663 | D        | Killed a cane toad
   664 | D        | Reached XP level 10. HP: 104/104 MP: 9/9
   677 | D        | Killed a skyshark
   678 | D        | Reached skill level 20 in Polearms
   683 | D        | Reached skill level 15 in Armour
   688 | D        | Reached skill level 15 in Fighting
   728 | D        | Noticed a cane toad
   743 | D        | Noticed a cane toad
   754 | D        | Killed a cane toad
   772 | D        | Killed a cane toad
   773 | D        | Reached skill level 21 in Polearms
  1091 | D        | Reached XP level 11. HP: 114/114 MP: 10/10
  1105 | D        | Reached skill level 22 in Polearms
  1111 | D        | Noticed an orc knight
  1120 | D        | Noticed an orc knight
  1128 | D        | Killed an orc knight
  1142 | D        | Killed an orc knight
  1269 | D        | Found Koigg's Weapon Boutique.
  1269 | D        | Noticed an orc sorcerer
  1269 | D        | Noticed an orc sorcerer
  1269 | D        | Noticed an orc knight
  1269 | D        | Noticed an orc high priest
  1272 | D        | Killed an orc high priest
  1273 | D        | Noticed an orc high priest
  1283 | D        | Killed an orc knight
  1284 | D        | Reached skill level 23 in Polearms
  1288 | D        | Killed an orc sorcerer
  1297 | D        | Killed an orc sorcerer
  1316 | D        | Noticed a sixfirhy
  1323 | D        | Killed an orc high priest
  1508 | D        | Found Ufulok's Book Shop.
  1512 | D        | Found Wiodoiba's Antique Weapon Boutique.
  1516 | D        | Found Cetor's Armour Shop.
  1518 | D        | Noticed an orc sorcerer
  1519 | D        | Noticed an orc sorcerer
  1520 | D        | Noticed an orc high priest
  1536 | D        | Killed an orc sorcerer
  1539 | D        | Noticed an orc high priest
  1546 | D        | Noticed a sixfirhy
  1547 | D        | Killed an orc sorcerer
  1554 | D        | Killed an orc high priest
  1555 | D        | Reached skill level 24 in Polearms
  1560 | D        | Noticed a soul eater
  1560 | D        | Noticed a sun demon
  1564 | D        | Killed an orc high priest
  1830 | D        | Bought the +7 mace of Variability {chaos, chaos arc} for
                  | 1140 gold pieces
  1830 | D        | Found the +7 mace of Variability {chaos, chaos arc}
  1832 | D        | Bought a +1 pair of boots of rampaging for 198 gold pieces
  1868 | D        | Bought a scroll labelled DIYBROZIGI for 20 gold pieces
  1868 | D        | Bought a glowing lead wand for 80 gold pieces
  1868 | D        | Bought a gilded ring for 100 gold pieces
  1868 | D        | Bought a potion of berserk rage for 100 gold pieces
  1868 | D        | Bought a scroll of identify for 40 gold pieces
  1868 | D        | Bought 2 scrolls of identify for 80 gold pieces
  1868 | D        | Bought an embroidered scarf for 160 gold pieces
  1872 | D        | Bought the +3 greatsling "Punk" {acid, rCorr} for 500 gold
                  | pieces
  1872 | D        | Found the +3 greatsling "Punk" {acid, rCorr}
  1872 | D        | Bought the +27 heavy crossbow "Sniper" {heavy, Acc+∞ SInv}
                  | for 1280 gold pieces
  1872 | D        | Found the +27 heavy crossbow "Sniper" {heavy, Acc+∞ SInv}
  1877 | D        | Bought the +9 sword of Zonguldrok {reap} for 1120 gold
                  | pieces
  1877 | D        | Found the +9 sword of Zonguldrok {reap}
  2002 | D        | Noticed Erolcha
  2011 | D        | Killed Erolcha
  2253 | D        | Noticed a six-headed hydra
  2253 | D        | Noticed a deep elf pyromancer
  2253 | D        | Noticed an ogre mage
  2261 | D        | Noticed a deep troll earth mage
  2262 | D        | Killed a deep elf pyromancer
  2269 | D        | Noticed a vampire knight
  2277 | D        | Killed an ogre mage
  2277 | D        | Noticed a deep troll shaman
  2278 | D        | Reached XP level 12. HP: 60/128 MP: 11/11
  2285 | D        | Killed an eight-headed hydra
  2286 | D        | Reached skill level 25 in Polearms
  2295 | D        | Killed a deep troll earth mage
  2309 | D        | HP: 2/129 [something (16)]
  2361 | D        | Demolished by a vampire knight

Illustrated notes

Levels and vault maps discovered:
D:        linesprint [early_d, line_temple, items_1, d_10, items_2, lair_1,
          lair_end, items_3, orc_1, orc_end, items_4, d_15, swamp_1, shoals_1,
          snake_1, spider_1, d_20, vaults_1, items_5, swamp_end, shoals_end,
          snake_end, spider_end, vaults_end, d_27, items_6, zot_1, zot_end,
          crypt_end, forest_end, elf_end, slime_end, tomb_end, abyss_end,
          pan_hell_end]

Skill      XL: |  1  2  3  4  5  6  7  8  9 10 11 12 |
---------------+-------------------------------------+-----
Polearms       | 5 7 13 15 17 19 21 24 25 | 25.3
Fighting       | 5 6 10 11 12 14 16 18 | 18.8
Armour         | 5 6 10 11 12 14 16 18 | 18.9
Shields        | |  3.6

Action                     |  1- 3 |  4- 6 |  7- 9 | 10-12 || total
---------------------------+-------+-------+-------+-------++-------
  Melee: Trident           |    28 |       |       |       ||    28
         Headbutt          |     1 |     2 |     9 |    62 ||    74
         Halberd           |       |     6 |    80 |   290 ||   376
 Invoke: Call Merchant     |       |       |       |     3 ||     3
    Use: Potion            |       |     2 |     3 |    10 ||    15
         Scroll            |       |       |       |     4 ||     4
   Stab: Distracted        |       |       |       |     1 ||     1
 Armour: Scale mail        |    14 |       |       |       ||    14
         Chain mail        |       |     8 |    71 |    91 ||   170
         Plate armour      |       |       |       |   128 ||   128
  Dodge: Dodged            |    10 |     3 |    37 |    95 ||   145
  Block: Buckler           |     4 |       |       |       ||     4
